 Dungeon Crawl Stone Soup version 0.31-a0-667-g39726597b9 (webtiles) character file.

Game seed: 12451761381308223229

29 Zonian the Chiller (level 3, -1/24 HPs)
             Began as a Demonspawn Ice Elementalist on Sept 4, 2023.
             Slain by Terence
             ... wielding a +0 hand axe
              (5 damage)
             ... on level 2 of the Dungeon.
             The game lasted 00:03:29 (2233 turns).

Zonian the Chiller (Demonspawn Ice Elementalist)    Turns: 2233, Time: 00:03:29

Health: -1/24      AC:  2    Str:  8    XL:     3   Next: 1%
Magic:  6/6        EV: 12    Int: 18    God:
Gold:   112        SH:  0    Dex: 13    Spells: 5/6 levels left

rFire   . . .        (no weapon)
rCold   . . .        (no shield)
rNeg    . . .        a - +0 robe
rPois   .            (no helmet)
rElec   .            (no cloak)
rCorr   .            (no gloves)
SInv    .            (no boots)
Will    +....        (no amulet)
Stlth   ++           (no ring)
HPRegen 0.24/turn    (no ring)
MPRegen 0.10/turn

%: no passive effects
@: enlightened, flying, very slightly contaminated
A: claws 2
a: no special abilities


You were on level 2 of the Dungeon.
You visited 1 branch of the dungeon, and saw 2 of its levels.

You collected 112 gold pieces.

Inventory:

Hand Weapons
 k - a +2 whip of flaming
Missiles
 h - 10 poisoned darts
Armour
 a - a +0 robe (worn)
Magical Staves
 m - a staff of poison
Scrolls
 c - 3 scrolls of identify {unknown}
 d - a scroll of enchant weapon {unknown}
 j - a scroll of acquirement {unknown}
 l - a scroll of fog {unknown}
Potions
 e - a potion of mutation {unknown}
 f - 2 potions of enlightenment
 g - a potion of might {unknown}
 i - a potion of resistance {unknown}


   Skills:
 + Level 2.2 Dodging
 + Level 2.2 Stealth
 + Level 2.3 Spellcasting
 + Level 3.8 Ice Magic


You had 5 spell levels left.
You knew the following spells:

 Your Spells              Type           Power      Damage    Failure   Level
a - Freeze                Ice            64%        1d7       3%          1

Your spell library contained the following spells:

 Spells                   Type           Power      Damage    Failure   Level
 Frozen Ramparts          Ice            32%        1d5       11%         3
 Ozocubu's Armour         Ice            16%        N/A       11%         3
 Summon Ice Beast         Ice/Summ       9%         N/A       61%         4


Dungeon Overview and Level Annotations

Branches:
Dungeon (2/15)

Altars:

Annotations:
D:2 Terence


Innate Abilities, Weirdness & Mutations

You have very sharp fingernails.


Message History

Terence is lightly wounded.
Terence hits you with a +0 hand axe!
You freeze Terence.
Terence is moderately wounded.
Terence hits you with a +0 hand axe.
Unknown command.
You are too injured to fight recklessly!
You are too injured to fight recklessly!
Unknown command.
Casting: Freeze (safe; 3% risk of failure)
Confirm with . or Enter, or press ? or * to list all spells.
Aiming: Freeze (safe; 3% risk of failure)
Press: ? - help, Shift-Dir - straight line, f/p - Terence
Aim: Terence, wielding a +0 hand axe and wearing a +0 scale mail (moderately wounded, poisoned)
You freeze Terence.
Terence is heavily wounded.
Terence hits you with a +0 hand axe.
Unknown command.
Casting: Freeze (safe; 3% risk of failure)
Confirm with . or Enter, or press ? or * to list all spells.
Aiming: Freeze (safe; 3% risk of failure)
Press: ? - help, Shift-Dir - straight line, f/p - Terence
Aim: Terence, wielding a +0 hand axe and wearing a +0 scale mail (heavily wounded, poisoned)
You miscast Freeze.
You are very lightly contaminated with residual magic.
Nothing appears to happen.
Terence asks, "Do you want it fast or slow?"
Terence barely misses you.
Unknown command.
Casting: Freeze (safe; 3% risk of failure)
Confirm with . or Enter, or press ? or * to list all spells.
Aiming: Freeze (safe; 3% risk of failure)
Press: ? - help, Shift-Dir - straight line, f/p - Terence
Aim: Terence, wielding a +0 hand axe and wearing a +0 scale mail (heavily wounded, poisoned)
You freeze Terence.
Terence is heavily wounded.
Terence hits you with a +0 hand axe.
* * * LOW HITPOINT WARNING * * *
Magic courses through your body. Terence hits you with a +0 hand axe.
You die...

#.# #.# #......# #.#
#.# #......# #.# #.#
##......# #.####
#.#######......##
#....#
#..............#
#....#
##############......##
#....# #.[.#.'...#
#......)# #....#
#.8.#.###.# #..^..###
#....# #...#.).#@#
#.....# #....#
#'#####.#@# #.....#
#....# ##.##...#(#
#.....# #.####
#.###'###.# #.....#
#.## #.##.##.'.#
####### #..#
##..###.### #########
##.# #####..÷.#
#.......#
#.#####...'.##.#
#.......#
#.....#÷###..#.#
#.......#


You could see Terence (poisoned).

Vanquished Creatures
  A dart slug (D:1)
  2 bats
  2 endoplasms (D:1)
  A giant cockroach (D:2)
  2 goblins (D:1)
  4 hobgoblins
  5 kobolds
  2 ball pythons (D:1)
  4 frilled lizards
  2 rats
25 creatures vanquished.

Notes
Turn   | Place    | Note
-------+----------+-------------------------------------------
     0 | D:1      | Zonian the Demonspawn Ice Elementalist began the quest for
                  | the Orb.
     0 | D:1      | Reached XP level 1. HP: 13/13 MP: 3/3
   639 | D:1      | Gained mutation: You have sharp fingernails. [demonic
                  | ancestry]
   639 | D:1      | Reached XP level 2. HP: 16/19 MP: 0/5
  2194 | D:2      | Noticed Terence
  2197 | D:2      | Gained mutation: You have very sharp fingernails. [demonic
                  | ancestry]
  2197 | D:2      | Reached XP level 3. HP: 24/24 MP: 3/6
  2233 | D:2      | Slain by Terence

Illustrated notes

Levels and vault maps discovered:
D:1:      heliophobic_arrival_enchanted_forest, layout_basic, serial_curves,
          eino_curves_02, eino_curves_04, eino_curves_02, eino_curves_01
D:2:      minmay_chambers_of_ones, layout_basic, basic_altar, uniq_terence

Skill      XL: |  1 |
---------------+----+-----
Dodging        | 2 |  2.2
Stealth        | 2 |  2.2
Spellcasting   | |  2.3
Ice Magic      | |  3.8

Action                     || total
---------------------------++-------
  Melee: Unarmed           ||    12
  Throw: Dart              ||     1
   Cast: Freeze            ||    36
    Use: Potion            ||     2
   Stab: Sleeping          ||     2
 Armour: Robe              ||    23
  Dodge: Dodged            ||    15

Table legend: (Time is in decaauts)
 A = Elapsed time spent in this place.
 B = Non-inter-level travel time spent in this place.
 C = Inter-level travel time spent in this place.
 D = Time resting spent in this place.
 E = Time spent auto-exploring this place.
 F = Levels seen in this place.
 G = Mean time per level.
                   A        B        C        D        E       F      G
               +--------+--------+--------+--------+--------+-----+--------+
         Total |   2233 |   2224 |      9 |    887 |   1005 |   2 | 1116.5 |
       Dungeon |   2233 |   2224 |      9 |    887 |   1005 |   2 | 1116.5 |
               +--------+--------+--------+--------+--------+-----+--------+

Top non-repeatable levels by time:
     D:1: 1679 daAuts
     D:2: 554 daAuts
